 Dungeon Crawl Stone Soup version 0.30-a0-137-gd8773701ce (webtiles) character file.

Game seed: 3564987395973439972

4211 ytrimaz the Cleaver (level 10, -6/123 HPs)
             Began as a Formicid Fighter on Sept 22, 2022.
             Was a Priest of Wu Jian.
             Mangled by a boulder beetle (12 damage)
             ... on level 7 of the Dungeon.
             The game lasted 00:07:45 (7309 turns).

ytrimaz the Cleaver (Formicid Fighter)              Turns: 7309, Time: 00:07:46

Health: -6/123     AC: 25    Str: 24    XL:     10   Next: 54%
Magic:  10/10      EV:  2    Int: 15    God:    Wu Jian [***...]
Gold:   332        SH:  5    Dex: 13    Spells: 9/9 levels left

rFire   + . .      SeeInvis .    v - +0 broad axe
rCold   . . .      Faith    .    c - +0 buckler
rNeg    . . .      Spirit   .    (body armour currently unavailable)
rPois   +          Reflect  .    (helmet unavailable)
rElec   +          Harm     .    (cloak currently unavailable)
rCorr   .          Rampage  .    (gloves currently unavailable)
Will    +....                    (boots currently unavailable)
Stlth   +.........               (no amulet)
HPRegen 0.30/turn                b - +4 ring of slaying
MPRegen 0.12/turn                n - ring "Wose" {rElec rF+ Int+6}

@: tree-form (expiring), serpent's lash
A: stationary, stasis, torment immunity, boosted hp, permanent stasis, dig
shafts and tunnels, (antennae 3), four strong arms
a: Renounce Religion, Wall Jump, Serpent's Lash


You were on level 7 of the Dungeon.
You worshipped Wu Jian.
Wu Jian was most pleased with you.
You were a tree.
You visited 2 branches of the dungeon, and saw 8 of its levels.

You collected 332 gold pieces.


Innate Abilities, Weirdness & Mutations

You are a tree.
Your roots penetrate the ground, keeping you stationary.
You cannot be teleported.
You are immune to unholy pain and torment.
Your maximum health is greatly increased.
Your equipment is partially melded.
You cannot be hasted, slowed, berserked, paralysed or teleported.
You can dig through walls and to a lower floor.
((You have a pair of large antennae on your head. (SInv)))
Your four strong arms can wield two-handed weapons with a shield.


   Skills:
 + Level 8.7 Fighting
 * Level 10.6 Axes
 + Level 8.7 Armour
 - Level 4.0 Shields


You had 9 spell levels left.
You didn't know any spells.
Your spell library contained the following spells:

 Spells                   Type           Power      Damage    Failure   Level
 Shock                    Conj/Air       0%         1d3       32%         1
 Cigotuvi's Dreadful Rot  Necr/Pois/Air  0%         N/A       45%         2
 Poisonous Vapours        Pois/Air       0%         N/A       45%         2
 Scorch                   Fire           0%         2d5       45%         2
 Searing Ray              Conj           0%         2d4       45%         2
 Sublimation of Blood     Necr           0%         N/A       45%         2
 Wereblood                Tmut           0%         N/A       45%         2
 Airstrike                Air            0%         2d(0-16)  97%         4
 Summon Hydra             Summ           0%         N/A       100%        7
 Swiftness                Air            Unusable   N/A       N/A         3

Inventory:

Hand Weapons
 a - a +1 war axe
 v - a +0 broad axe (weapon)
   (You found it on level 6 of the Dungeon)
Armour
 c - a +0 buckler (worn)
 d - +0 steam dragon scales
   (You took it off Maggie on level 7 of the Dungeon)
 f - a +2 chain mail of cold resistance (melded)
   (You found it on level 1 of the Dungeon)
 g - a +0 pair of gloves (melded)
   (You found it on level 1 of the Dungeon)
 i - a scarf of resistance (melded)
   (You found it on level 3 of the Dungeon)
 o - a scarf of repulsion
   (You found it on level 5 of the Dungeon)
 s - a +0 pair of boots (melded)
   (You found it on level 5 of the Dungeon)
Jewellery
 b - a +4 ring of slaying (left branch)
   (You found it on level 2 of the Dungeon)
 m - a ring of wizardry
   (You found it on level 3 of the Dungeon)
 n - the ring "Wose" (right branch) {rElec rF+ Int+6}
   (You found it on level 3 of the Dungeon)

   [ring of intelligence]

   Int:       It affects your intelligence (+6).
   rF:        It protects you from fire.
   rElec:     It insulates you from electricity.
 p - a ring of fire
   (You found it on level 4 of the Dungeon)
 y - an amulet of faith
   (You found it on level 7 of the Dungeon)
 z - a ring of resist corrosion
   (You found it on level 7 of the Dungeon)
Wands
 j - a wand of flame (7)
   (You found it on level 2 of the Dungeon)
Scrolls
 e - 2 scrolls of magic mapping
 k - 2 scrolls of fear
 u - 3 scrolls of enchant weapon
 x - a scroll of vulnerability
Potions
 h - a potion of resistance
 l - a potion of mutation
 t - 2 potions of magic

Dungeon Overview and Level Annotations

Branches:
Dungeon (7/15) Zot: 25883  Temple (1/1) D:4 Zot: 5775

Altars:
Ashenzari
Cheibriados
Elyvilon
Fedhas
Gozag
Hepliaklqana
Kikubaaqudgha
Makhleb
Nemelex Xobeh
Okawaru
Qazlal
Ru
Sif Muna
Trog
Uskayaw
Vehumet
Wu Jian
Xom
Yredelemnul
Zin
The Shining One

#..###.....#>....### #.
#...####......#######B { #.
##....###....###....{{e { #.
##.....##...###..# { #.
###.....#...###{##.#### #.
.#........###..{.#.#..### #.
...###.#####.e###{.#....### #.
....##.# ###cB####.....(### #.
≈≈≈.#..# ..###♣.##........####.
≈......######..###.#..........##.
..8....##.8####..#.#........##.#.
≈......##...8####..#......####.#.
≈≈≈....##8....8####.....#####.##.
.......##..~....8###..####.#.###.
.......##8..8~.....######.#.#.##.
..#....##..~....8##†##.#.#.#.###.
..#....##8)..(8#####..#.#.#.#.##.


You could see a boulder beetle, a deep elf pyromancer and a centaur.


Message History

😱 HP[-3]
You take 3 damage, and now have 17/82 hp.
Unknown command.
The slime creature quivers.
You slash the centaur!
You kill the centaur!
The Council accepts your kill.
The troll barely misses you. x2; The troll claws you but does no damage. 😱 HP[+1] Unknown command.
It was a potion of lignification.
You turn into a tree.
Your scarf of resistance melds into your body.
Your +0 pair of gloves melds into your body.
Your +0 pair of boots melds into your body.
Your +2 chain mail of cold resistance melds into your body.
You feel hot and cold all over.
You feel less resistant to cold.
Your roots penetrate the ground.
The troll bites you.
* * * LOW HITPOINT WARNING * * *
The troll claws you!
* * * LOW HITPOINT WARNING * * *
The troll claws you but does no damage. 😱 HP[-1]
You now have 123 max hp (+41).
Unknown command.
It was a potion of berserk rage.
Your stasis prevents you from going berserk.
The troll bites you but does no damage.
The troll claws you but does no damage. x2
Unknown command.
You slice the troll!! The troll bites you.
* * * LOW HITPOINT WARNING * * *
The troll claws you but does no damage. You block the troll's attack. 😱 HP[-5]
You take 5 damage, and now have 12/123 hp.
Unknown command.
Your muscles tense, ready for explosive movement...
Unknown command.
You slice the troll!!
You kill the troll!
The Council accepts your kill. 😱 HP[+1]
You slash the slime creature!
The slime creature hits you but does no damage.
Unknown command.
You slash the slime creature! You block the slime creature's attack.
Okay, then.
You feel better.
The slime creature hits you but does no damage. 😱 HP[+7]
You regained 7 hp, and now have 20/123 hp.
You feel better. The slime creature hits you.
* * * LOW HITPOINT WARNING * * *
😱 HP[+5]
You regained 5 hp, and now have 25/123 hp.
Unknown command.
You slash the slime creature!
The slime creature hits you but does no damage.
Unknown command.
You slice the slime creature!!
You block the slime creature's attack. 😱 HP[+1]
You hit the slime creature. The slime creature hits you!
* * * LOW HITPOINT WARNING * * *
😱 HP[-14]
You take 14 damage, and now have 12/123 hp.
Unknown command.
You hit the slime creature.
You kill the slime creature!
The Council accepts your kill.
Unknown command.
You slash the boulder beetle!
The boulder beetle bites you but does no damage. 😱 HP[+1] Unknown command.
You slice the boulder beetle!!
The boulder beetle bites you but does no damage.
Unknown command.
You hit the boulder beetle.
Your transformation is almost over.
The deep elf pyromancer casts a spell.
The deep elf pyromancer blinks!
The boulder beetle bites you.
* * * LOW HITPOINT WARNING * * *
The boulder beetle bites you but does no damage. 😱 HP[-5]
You take 5 damage, and now have 8/123 hp.
Unknown command.
Okay, then.
Unknown command.
You hit the boulder beetle but do no damage.
The boulder beetle bites you.
* * * LOW HITPOINT WARNING * * *
😱 HP[-2]
You take 2 damage, and now have 6/123 hp.
Unknown command.
Unknown command.
Unknown command.
Unknown command.
You hit the boulder beetle but do no damage.
You block the boulder beetle's attack.
Unknown command.
You hit the boulder beetle. The boulder beetle bites you!
You die...

Skill      XL: |  1  2  3  4  5  6  7  8  9 10 |
---------------+-------------------------------+-----
Axes           | 3 4 5 6 7 9 10 | 10.6
Fighting       | 4 5 6 7 8 |  8.7
Armour         | 4 5 6 7 8 |  8.7
Shields        | |  4.0

Action                   |  1- 3 |  4- 6 |  7- 9 | 10-12 || total
-------------------------+-------+-------+-------+-------++-------
Melee: War axe           |    75 |    90 |   110 |       ||   275
       Broad axe         |       |       |    75 |   105 ||   180
Invok: Lunge             |       |     2 |    15 |     4 ||    21
       Whirlwind         |       |       |    14 |     6 ||    20
       Serpent's Lash    |       |       |       |     1 ||     1
  Use: Scroll            |     4 |     3 |     9 |       ||    16
       Potion            |       |       |     1 |     4 ||     5
Armor: Scale mail        |    21 |       |       |       ||    21
       Chain mail        |    27 |    51 |   104 |    51 ||   233
       Skin              |       |       |       |    11 ||    11
Dodge: Dodged            |    23 |    31 |    60 |    27 ||   141
Block: Buckler           |    24 |    21 |    33 |    22 ||   100

Levels and vault maps discovered:
D:1:      sevenhm_arrival_forest_fort_small_5, layout_basic,
          hellmonk_ecumenical_altar_zigzags
D:2:      layout_basic, nicolae_titane, uniq_jessica
D:3:      layout_basic, nicolae_wu_jian_glorious_leap
D:4:      layout_cave_pods, minmay_temple_entry_wispy
D:5:      layout_rooms, slow_altar_1, lemuel_zombie_altar_yredelemnul,
          mainiacjoe_overflow_alcove_1
D:6:      layout_loops_ring, nicolae_overflow_crystal_walls, old_standard_altar
D:7:      minmay_the_grid_triangle_9x9_rhombus_full
          [minmay_the_grid_triangle_9x9_empty,
          minmay_the_grid_triangle_9x9_checkered,
          minmay_the_grid_triangle_9x9_flanged_cone,
          minmay_the_grid_triangle_9x9_corrupted_corridor,
          minmay_the_grid_triangle_9x9_shrine,
          minmay_the_grid_triangle_9x9_longest,
          minmay_the_grid_triangle_9x9_empty,
          minmay_the_grid_triangle_9x9_prize_center], layout_cave_pools,
          mainiacjoe_overflow_catwalk, uniq_maggie, uniq_pikel
Temple:   eino_temple_water

Notes
Turn   | Place    | Note
-------+----------+-------------------------------------------
     0 | D:1      | ytrimaz the Formicid Fighter began the quest for the Orb.
     0 | D:1      | Reached XP level 1. HP: 18/18 MP: 1/1
     0 | D:1      | magus.rc [v1.9.6]
    63 | D:1      | Found a faded altar of an unknown god.
   104 | D:1      | Reached XP level 2. HP: 24/24 MP: 2/2
   582 | D:1      | Reached XP level 3. HP: 29/29 MP: 3/3
  1373 | D:2      | Reached skill level 3 in Axes
  1376 | D:2      | Reached XP level 4. HP: 35/37 MP: 4/4
  1611 | D:2      | You pick up a book of Blood and begin reading...
  1611 | D:2      | You add the spells Sublimation of Blood, Wereblood and
                  | Summon Hydra to your library.
  1636 | D:2      | Noticed Jessica
  1647 | D:2      | Killed Jessica
  1648 | D:2      | Reached skill level 4 in Fighting
  1648 | D:2      | Reached skill level 4 in Armour
  1872 | D:3      | Reached XP level 5. HP: 40/42 MP: 5/5
  2188 | D:3      | You pick up a book of Vapours and begin reading...
  2188 | D:3      | You add the spells Poisonous Vapours and Cigotuvi's
                  | Dreadful Rot to your library.
  2263 | D:3      | Identified the ring "Wose" {rElec rF+ Int+6}
  2331 | D:3      | Found an ornate altar of the Wu Jian Council.
  2334 | D:3      | Reached skill level 4 in Axes
  2559 | D:3      | Became a worshipper of the Wu Jian Council
  3020 | D:4      | Noticed a black bear
  3026 | D:4      | Killed a black bear
  3027 | D:4      | Reached XP level 6. HP: 47/49 MP: 6/6
  3190 | D:4      | Reached skill level 5 in Axes
  3190 | D:4      | Reached XP level 7. HP: 40/55 MP: 7/7
  3486 | D:4      | Reached skill level 5 in Fighting
  3491 | D:4      | Reached skill level 5 in Armour
  3552 | D:4      | Found a staircase to the Ecumenical Temple.
  3569 | D:4      | Reached * piety under Wu Jian
  3576 | Temple   | Entered the Ecumenical Temple
  4200 | D:5      | Entered Level 5 of the Dungeon
  4273 | D:5      | Reached skill level 6 in Axes
  4278 | D:5      | HP: 11/56 [/a scroll of torment (9)]
  4753 | D:5      | Reached XP level 8. HP: 58/63 MP: 8/8
  4989 | D:5      | Found a snail-covered altar of Cheibriados.
  5034 | D:5      | Found a white marble altar of Elyvilon.
  5035 | D:5      | Reached skill level 6 in Fighting
  5037 | D:5      | Reached skill level 6 in Armour
  5131 | D:5      | Found a basalt altar of Yredelemnul.
  5256 | D:6      | Reached skill level 7 in Axes
  5405 | D:6      | Found an opulent altar of Gozag.
  5612 | D:6      | Reached ** piety under Wu Jian
  5618 | D:6      | Found a blossoming altar of Fedhas.
  5626 | D:6      | Reached XP level 9. HP: 71/71 MP: 9/9
  5650 | D:6      | Reached skill level 8 in Axes
  5651 | D:6      | You pick up a book of Air and begin reading...
  5651 | D:6      | You add the spells Shock and Airstrike to your library.
  6214 | D:7      | Noticed Pikel
  6220 | D:7      | Killed Pikel
  6221 | D:7      | Reached skill level 7 in Fighting
  6221 | D:7      | Reached skill level 7 in Armour
  6222 | D:7      | Noticed Maggie
  6231 | D:7      | Killed Maggie
  6232 | D:7      | Reached skill level 9 in Axes
  6450 | D:7      | Reached XP level 10. HP: 68/79 MP: 10/10
  6530 | D:7      | You add the spells Searing Ray and Scorch to your library.
  6530 | D:7      | Got Magic, Part Two
  6567 | D:7      | Found an ancient bone altar of Kikubaaqudgha.
  6650 | D:7      | Reached skill level 8 in Fighting
  6653 | D:7      | Reached skill level 8 in Armour
  6799 | D:7      | Reached skill level 10 in Axes
  7031 | D:7      | Reached *** piety under Wu Jian
  7261 | D:7      | Noticed a boulder beetle
  7268 | D:7      | Noticed a deep elf pyromancer
  7287 | D:7      | HP: 20/82 [centaur (3)]
  7292 | D:7      | HP: 25/123 [troll (3)]
  7294 | D:7      | HP: 12/123 [troll (5)]
  7299 | D:7      | HP: 25/123 [slime creature (4)]
  7302 | D:7      | HP: 12/123 [slime creature (14)]
  7307 | D:7      | HP: 6/123 [boulder beetle (3)]
  7309 | D:7      | Mangled by a boulder beetle

Vanquished Creatures
  Pikel (D:7)
  Maggie (D:7)
  A troll (D:7)
  A slime creature (D:7)
  A steam dragon (D:7)
  2 water moccasins
  An orc warrior (D:6)
  4 ice beasts
  2 black bears
  An ogre (D:5)
  3 centaurs
  A phantom (D:6)
  A bullfrog (D:7)
  A gnoll sergeant (D:7)
  3 necrophages
  A scorpion (D:7)
  3 wights (D:7)
  A bullfrog zombie (D:5)
  2 jellies (D:7)
  7 orc priests
  A hound (D:7)
  Jessica (D:2)
  2 gnoll boudas
  4 iguanas
  11 orc wizards
  A scorpion zombie (D:5)
  A mummy (D:5)
  13 gnolls
  7 adders
  3 shadow imps (D:7)
  2 worms (D:3)
  A dart slug (D:5)
  21 orcs
  2 bats
  11 endoplasms
  7 giant cockroaches
  8 goblins
  7 hobgoblins
  4 jackals
  8 kobolds
  3 quokkas
  6 ball pythons
  3 frilled lizards
  9 rats
174 creatures vanquished.

Table legend:
 A = Non-vault XP
 B = Vault XP
 C = Vault XP percentage of total XP
 D = Non-vault monster count
 E = Vault monster count
 F = Vault count percentage of total count
                 A         B        C        D         E       F
            +---------+---------+-------+---------+---------+-------
      Total |    3272 |    2745 |  45.6 |     155 |      19 |  10.9
            +---------+---------+-------+---------+---------+-------
        D:1 |      40 |       0 |   0.0 |      24 |       0 |   0.0
        D:2 |      41 |      37 |  47.4 |      19 |       1 |   5.0
        D:3 |     109 |       0 |   0.0 |      22 |       0 |   0.0
        D:4 |     424 |       0 |   0.0 |      26 |       0 |   0.0
        D:5 |     679 |      99 |  12.7 |      20 |       3 |  13.0
        D:6 |     918 |       0 |   0.0 |      14 |       0 |   0.0
        D:7 |    1061 |    2609 |  71.1 |      30 |      15 |  33.3
            +---------+---------+-------+---------+---------+-------

Illustrated notes

Table legend:
 A = Kills in this place as a percentage of kills in entire the game.
 B = Kills by you in this place as a percentage of kills by you in the entire game.
 C = Kills by friends in this place as a percentage of kills by friends in the entire game.
 D = Other kills in this place as a percentage of other kills in the entire game.
 E = Experience gained in this place as a percentage of experience gained in the entire game.
 F = Experience gained in this place divided by the number of levels of this place that you have seen.
                   A       B       C       D       E      F
               +-------+-------+-------+-------+-------+----------------------
         Total | 100.0 | 100.0 |   N/A |   N/A | 100.0 | 752.1
       Dungeon | 100.0 | 100.0 |   N/A |   N/A | 100.0 | 859.6
               +-------+-------+-------+-------+-------+----------------------

Table legend: (Time is in decaauts)
 A = Elapsed time spent in this place.
 B = Non-inter-level travel time spent in this place.
 C = Inter-level travel time spent in this place.
 D = Time resting spent in this place.
 E = Time spent auto-exploring this place.
 F = Levels seen in this place.
 G = Mean time per level.
                   A        B        C        D        E       F      G
               +--------+--------+--------+--------+--------+-----+--------+
         Total |   7417 |   7163 |    254 |      0 |   5861 |   8 |  927.1 |
       Dungeon |   7192 |   6952 |    240 |      0 |   5662 |   7 | 1027.4 |
        Temple |    224 |    210 |     14 |      0 |    199 |   1 |  224.0 |
               +--------+--------+--------+--------+--------+-----+--------+

Top non-repeatable levels by time:
     D:3: 1237 daAuts
     D:5: 1141 daAuts
     D:7: 1115 daAuts
     D:1: 1074 daAuts
     D:4: 973 daAuts
     D:6: 888 daAuts
     D:2: 762 daAuts
  Temple: 224 daAuts
